AoeStats
← Ken

Arena

504661709Analyzed
1v1 RM · 27d ago on Sep 6, 2026· 42m 10s· 2 players
Game mode
Random Map
Map size
Tiny (2 player)
Population
200
Speed
Normal
Resources
Standard
Victory
Conquest
Starting age
Dark Age
Ending age
Imperial Age
RankedLock teamsTeams togetherTeam positionsShared explorationLock speedFull tech treeHidden civsTurbo modeCheats
Victory
Defeat
🇩🇪 Muisca · Germany
897
+18
🇨🇳 Burgundians · China
934
-18
Alexandar The Okay
10:18 Feudal Age
14:07 Castle Age
12:06 Double-Bit Axe
12:48 Horse Collar
13:20 Gold Mining
13:32 Loom
17:43 Bow Saw
21:48 Sanctity
21:41 Fervor
24:43 Redemption
25:51 Wheelbarrow
25:02 Town Watch
29:36 Imperial Age
27:43 Town Watch
30:58 Block Printing
35:59 Scale Mail Armor
36:09 Forging
38:24 Iron Casting
Ken
10:24 Feudal Age
15:06 Castle Age
13:52 Double-Bit Axe
14:06 Horse Collar
15:35 Bow Saw
15:48 Heavy Plow
21:13 Town Watch
22:05 Wheelbarrow
23:18 Gold Mining
25:35 Husbandry
28:10 Scale Barding Armor
30:26 Chain Barding Armor
30:17 Forging
31:45 Light Cavalry
33:13 Gold Shaft Mining
35:07 Iron Casting
35:24 Cavalier
Connection lost

Rejoining the realm…

Still unreachable

The connection could not be restored.

Session expired

The server has moved on; the page needs a fresh start.